Map: Ascension to Aiur LE

Players

Meep - Winner!

  • Race: Terran Terran
  • League: Master
  • Spawn Location: 5:00

PengWin

  • Race: Zerg Zerg
  • League: Grandmaster
  • Spawn Location: 11:00

VOD

Have the link to the VOD?

Description

Time

  • Played on: Nov. 26, 2017, 7:27 a.m.
  • Length: 6:41
Show
View Real Time Build Order
Export as new Build Order

Meep Terran - Winner!

Build Orders: Command Center First (CC) 

Get SALT Encoding   

  12  0:01  SCV  
  13  0:13  SCV  
  14  0:17  Supply Depot  
  14  0:25  SCV  
  15  0:39  SCV  
  16  0:51  SCV  
  17  1:01  Command Center  
  17  1:03  SCV  
  18  1:13  Supply Depot  
  18  1:16  SCV  
  19  1:25  Barracks  
  19  1:30  SCV  
  20  1:34  Refinery  
  20  1:41  Refinery  
  20  1:43  SCV  
  21  1:55  SCV  
  22  2:13  Orbital Command x2  
  22  2:14  Marine  
  23  2:26  Factory  
  23  2:31  Orbital Command  
  23  2:43  SCV  
  24  2:45  Barracks Reactor  
  24  2:55  SCV  
  25  3:00  SCV  
  26  3:07  SCV  
  26  3:11  Supply Depot  
  27  3:17  Starport  
  27  3:24  SCV  
  32  3:27  Hellion x2, Barracks Tech Lab  
  32  3:31  Ghost Academy  
  32  3:34  SCV  
  32  3:36  SCV  
  34  3:46  Supply Depot, SCV  
  40  3:48  Hellion  
  40  3:50  Hellion  
  40  3:51  SCV  
  40  3:57  Viking  
  40  3:58  SCV  
  40  4:02  Ghost  
  43  4:03  SCV  
  46  4:10  SCV  
  46  4:15  SCV  
  46  4:16  Armory  
  48  4:19  Hellion  
  48  4:20  Supply Depot  
  48  4:21  Hellion  
  48  4:23  SCV  
  53  4:24  Liberator  
  53  4:31  Ghost  
  57  4:39  SCV  
  57  4:43  Hellion x2, SCV  
  65  4:52  SCV  
  65  4:55  Refinery x2  
  65  4:56  Supply Depot, SCV  
  65  4:58  Supply Depot  
  66  5:04  Hellion  
  68  5:10  Hellion  
  70  5:18  SCV  
  70  5:20  Supply Depot  
  71  5:23  Ghost  
  71  5:25  SCV  
  71  5:26  Hellion  
  76  5:30  SCV  
  76  5:32  Hellion  
  76  5:34  Engineering Bay  
  79  5:37  SCV  
  80  5:49  Hellion  
  82  5:50  Starport Reactor  
  82  5:51  SCV  
  82  5:52  Command Center  
  82  5:53  SCV  
  84  5:58  Hellion  
  84  6:01  Factory  
  86  6:06  Factory  
  86  6:08  Missile Turret  
Show
View Real Time Build Order
Export as new Build Order

PengWin Zerg 

Build Orders: Hatch First 

Get SALT Encoding   

  12  0:00  Drone  
  13  0:12  Overlord  
  13  0:17  Drone  
  14  0:30  Drone x2  
  14  0:34  Drone  
  17  0:51  Hatchery  
  17  0:54  Drone  
  17  0:57  Drone  
  17  1:01  Extractor  
  17  1:12  Spawning Pool  
  17  1:18  Drone  
  17  1:19  Drone  
  18  1:28  Drone  
  19  1:38  Overlord  
  19  1:59  Queen  
  19  2:00  Zergling x4  
  23  2:02  Queen  
  23  2:03  Zergling x2  
  23  2:07  Metabolic Boost  
  26  2:13  Drone x2  
  28  2:21  Drone  
  29  2:25  Drone  
  30  2:38  Spine Crawler, Queen  
  31  2:49  Drone  
  31  2:50  Overlord  
  33  2:57  Hatchery  
  32  3:00  Pneumatized Carapace  
  32  3:08  Drone  
  32  3:09  Drone x2  
  32  3:11  Drone  
  36  3:17  Queen  
  38  3:22  Drone  
  38  3:23  Drone  
  40  3:36  Overlord  
  40  3:37  Overlord  
  40  3:38  Drone x3  
  43  3:48  Overlord  
  43  3:49  Zergling x2  
  44  4:08  Queen  
  46  4:12  Lair  
  46  4:16  Spore Crawler, Extractor  
  44  4:18  Drone, Spore Crawler  
  44  4:19  Drone x2  
  44  4:20  Zergling x8  
  44  4:23  Drone  
  51  4:26  Drone x2  
  51  4:27  Drone x2  
  51  4:28  Overlord  
  55  4:39  Overlord x2  
  55  4:41  Spore Crawler  
  54  4:49  Drone x2  
  54  4:51  Evolution Chamber x2  
  54  4:55  Zergling x4  
  54  4:57  Drone x2  
  54  4:58  Drone  
  59  5:05  Overlord  
  59  5:07  Drone x2  
  59  5:08  Drone  
  59  5:09  Drone  
  59  5:10  Overseer  
  63  5:23  Drone x2  
  63  5:24  Drone  
  66  5:36  Drone x3, Hydralisk Den, Extractor  
  66  5:41  Zergling x10  
  71  5:46  Queen  
  73  5:50  Zergling x8  
  77  5:59  Overseer x2  
  77  6:02  Zergling x14  
Tags
 
Add a new tag
Caveats
  • Supply blocks, unpowered buildings, or Contaminate may cause inaccurate times.
  • Supply counts are checked every 10 seconds.